 Dungeon Crawl Stone Soup version 0.24.1-8-ga250c9d538 (webtiles) character file.

Game seed: 5251169008358549727, levelgen mode: deterministic

253 Peloso the Skirmisher (level 5, -2/43 HPs)
             Began as a Demonspawn Fighter on May 8, 2020.
             Slain by Grinder (8 damage)
             ... on level 3 of the Dungeon.
             The game lasted 00:04:12 (2047 turns).

Peloso the Skirmisher (Demonspawn Fighter)          Turns: 2047, Time: 00:04:13

Health: -2/43      AC: 12    Str: 18    XL:     5   Next: 90%
Magic:  5/5        EV:  8    Int:  9    God:
Gold:   158        SH:  9    Dex: 12    Spells: 4/4 levels left

rFire    . . .     SeeInvis .   a - +0 long sword
rCold    . . .     Gourm    .   c - +0 shield
rNeg     . . .     Faith    .   q - +0 scale mail
rPois    .         Spirit   .   (no helmet)
rElec    .         Reflect  .   p - +2 cloak
rCorr    .         Harm     .   (no gloves)
MR       .....                  r - +0 pair of boots
Stlth    +.........             (no amulet)
HPRegen  0.14/turn              n - ring of stealth
MPRegen  0.09/turn              (no ring)

@: no status effects
A: hooves 1, rugged brown scales 1, rot immunity
a: no special abilities


You were on level 3 of the Dungeon.
You were hungry.

You visited 1 branch of the dungeon, and saw 3 of its levels.

You collected 158 gold pieces.

Inventory:

Hand Weapons
 a - a +0 long sword (weapon)
 b - a +0 dagger of venom
Armour
 c - a +0 shield (worn)
 p - a +2 cloak (worn)
 q - a +0 scale mail (worn)
 r - a +0 pair of boots (worn)
Jewellery
 n - a ring of stealth (left hand)
Wands
 l - a wand of flame (16)
Scrolls
 g - 2 scrolls of remove curse {unknown}
 h - a scroll of blinking {unknown}
 i - 2 scrolls of teleportation {unknown}
 j - a scroll of random uselessness {unknown}
 k - a scroll of identify {unknown}
 o - a scroll of magic mapping {unknown}
 t - a scroll of fog {unknown}
 u - a scroll of enchant armour {unknown}
 v - a scroll of amnesia {unknown}
Potions
 d - 3 potions of might
 e - 5 potions of heal wounds
 m - 2 potions of cancellation {unknown}
 s - a potion of curing {unknown}
Comestibles
 f - 9 rations


   Skills:
 + Level 3.8 Fighting
 + Level 3.6 Long Blades
 + Level 3.5 Armour
 + Level 1.7 Dodging
 + Level 3.3 Shields


You had 4 spell levels left.
You didn't know any spells.
Your spell library was empty.

Dungeon Overview and Level Annotations

Branches:
Dungeon (3/15)

Altars:
The Shining One

Annotations:
D:3 Grinder


Innate Abilities, Weirdness & Mutations

You have large cloven feet.
You are partially covered in rugged brown scales. (AC +1, +3% HP)
You are immune to rotting.


Message History

The orc hits you but does no damage. The orc barely misses you.
You riposte.
You hit the orc.
The orc is almost dead.
Grinder hits you but does no damage. You block the orc's attack.
You hit Grinder.
Grinder is moderately wounded.
You block the orc's attack. Grinder hits you!
* * * LOW HITPOINT WARNING * * *
The orc hits you but does no damage.
You hit Grinder.
Grinder is heavily wounded.
The orc hits you but does no damage. Grinder hits you but does no damage.
You block the orc's attack.
Unknown command.
Unknown command.
You barely miss Grinder.
Grinder is heavily wounded.
You block Grinder's attack. You block the orc's attack.
The orc hits you but does no damage. Grinder hits you!
You die...

..................#
..................#
<.................#
.................###
...##.....%..>...?..
...##....(.#†###.###
.#
...##............###.#
....####.###.#.oo5..#
................@..##
...#####.###"######.#
...# #.# #.# . ####
#.# #.# # #.# # #. # #


You could see Grinder and 2 orcs.

Vanquished Creatures
  Sigmund (D:2)
  An orc wizard (D:3)
  3 adders
  3 worms
  A dart slug (D:2)
  4 orcs (D:3)
  6 bats
  A giant cockroach (D:1)
  6 goblins
  3 hobgoblins
  4 jackals
  2 kobolds
  A ball python (D:2)
  2 frilled lizards
  5 rats
43 creatures vanquished.

Notes
Turn   | Place    | Note
-------+----------+-------------------------------------------
     0 | D:1      | Peloso the Demonspawn Fighter began the quest for the Orb.
     0 | D:1      | Reached XP level 1. HP: 18/18 MP: 1/1
   167 | D:1      | Gained mutation: You are partially covered in rugged brown
                  | scales. (AC +1, +3% HP) [demonic ancestry]
   167 | D:1      | Reached XP level 2. HP: 10/24 MP: 2/2
   757 | D:2      | Noticed Sigmund
  1185 | D:2      | Killed Sigmund
  1185 | D:2      | Reached skill level 1 in Dodging
  1185 | D:2      | Gained mutation: You are immune to rotting. [demonic
                  | ancestry]
  1185 | D:2      | Reached XP level 3. HP: 15/30 MP: 3/3
  1185 | D:2      | Gained mutation: You have large cloven feet. [demonic
                  | ancestry]
  1185 | D:2      | Reached XP level 4. HP: 19/38 MP: 4/4
  1185 | D:2      | Reached XP level 5. HP: 22/43 MP: 5/5
  1477 | D:2      | Found a glowing golden altar of the Shining One.
  2033 | D:3      | Noticed Grinder
  2047 | D:3      | Slain by Grinder

Levels and vault maps discovered:
D:1:      dpeg_arrival_simpleton_a, layout_basic, chequers_decorated_corner
D:2:      layout_rooms, first_ration, tso_metal_star, uniq_sigmund
D:3:      layout_loops_ring, gammafunk_temple_overflow_wave, uniq_robin,
          uniq_grinder

Skill      XL: |  1  2 |
---------------+-------+-----
Long Blades    | 3 |  3.6
Armour         | 3 |  3.5
Dodging        | 1 |  1.7
Shields        | 3 |  3.3
Fighting       | |  3.8

Action                   |  1- 3 |  4- 6 || total
-------------------------+-------+-------++-------
Melee: Long sword        |    64 |    96 ||   160
       Kick              |       |     1 ||     1
  Use: Potion            |     1 |       ||     1
  Eat: Chunk             |       |     3 ||     3
Armor: Scale mail        |    46 |    70 ||   116
Dodge: Dodged            |    27 |    51 ||    78
Block: Shield            |    40 |    79 ||   119
       Rpst.: Long sword |    11 |    20 ||    31
